 Dungeon Crawl Stone Soup version 0.22.1-1-ga44c0e5 (webtiles) character file.

138 Fang the Skirmisher (level 5, -2/33 HPs)
             Began as a Gargoyle Berserker on Sept 25, 2018.
             Was a Believer of Trog.
             Slain by a phantom (4 damage)
             ... on level 2 of the Dungeon.
             The game lasted 00:02:37 (1749 turns).

Fang the Skirmisher (Gargoyle Berserker)            Turns: 1749, Time: 00:02:38

Health: -2/33      AC:  6    Str: 22    XL:     5   Next: 21%
Magic:  5/5        EV: 12    Int:  7    God:    Trog [**....]
Gold:   128        SH:  0    Dex:  9    Spells: 4/4 levels left

rFire    . . .     SeeInvis .   a - +0 hand axe
rCold    . . .     Gourm    .   (no shield)
rNeg     + . .     Faith    .   b - +0 animal skin
rPois    ∞         Spirit   .   (no helmet)
rElec    +         Reflect  .   (no cloak)
rCorr    .         Harm     .   (no gloves)
MR       .....                  (no boots)
Stlth    +.........             (no amulet)
HPRegen  0.11/turn              (no ring)
MPRegen  0.09/turn              (no ring)

@: berserk cooldown, slowed, very slow
A: negative energy resistance 1, electricity resistance, unbreathing,
petrification resistance, rot immunity, AC +4
a: Berserk, Trog's Hand, Renounce Religion


You were on level 2 of the Dungeon.
You worshipped Trog.
Trog was pleased with you.
You were near starving.

You visited 1 branch of the dungeon, and saw 2 of its levels.

You collected 128 gold pieces.

Inventory:

Hand Weapons
 a - a +0 hand axe (weapon)
Armour
 b - a +0 animal skin (worn)
Scrolls
 d - 3 scrolls of remove curse {unknown}
 e - 2 scrolls of identify {unknown}
 f - a scroll of blinking {unknown}
 h - a scroll of noise {unknown}
Potions
 g - 2 potions of degeneration {unknown}
 i - a potion of brilliance {unknown}
Comestibles
 c - 4 rations


   Skills:
 + Level 4.1 Fighting
 + Level 4.0 Axes
 + Level 2.4 Armour
 + Level 2.5 Dodging
 + Level 0.4 Stealth


You had 4 spell levels left.
You didn't know any spells.
Your spell library was empty.

Dungeon Overview and Level Annotations

Branches:
Dungeon (2/15)

Altars:


Innate Abilities, Weirdness & Mutations

You are resistant to torment.
Your stone body is resilient. (AC +4)
You are immune to poison.
You resist negative energy. (rN+)
You are resistant to electric shocks. (rElec)
You can survive without breathing.
You are immune to petrification.
You are immune to rotting.


Message History

The phantom blinks!
The phantom blinks!
There is an open door here.
You are near starving!
The phantom hits you.
* * * LOW HITPOINT WARNING * * *
The phantom hits you.
* * * LOW HITPOINT WARNING * * *
The phantom barely misses you.
You closely miss the phantom.
The phantom is moderately damaged.
The phantom hits you but does no damage.
You barely miss the phantom.
The phantom is moderately damaged.
The phantom barely misses you.
The phantom blinks!
You barely miss the phantom.
The phantom is moderately damaged.
The phantom hits you but does no damage.
The phantom hits you.
You die...

.......# #.# #.# #.#.#.##
)).....# #.# #.# #.......
.......# #.# #.###########.#..#
.......###.# #.##.....# #.##.#
........##.# #.##.....####.##..
........##.# #..'........#.###.
#######.##.########.....##.#.###.
#### #.##.......##.....##.#.....
...# #.#####...@.#.....##.######
...# #.# #...W.########.# # ...#
#.# #.....########.# #
...####.########'#.........# #
.............###.#.######..# #
.....†..†........#......#..# #
##...........##########.#..# #
######........ #..######
#.####### #........


You could see a phantom.

Vanquished Creatures
  A worker ant (D:2)
  4 gnolls (D:2)
  2 adders (D:2)
  2 oozes (D:1)
  2 leopard geckos (D:2)
  7 bats
  6 giant cockroaches
  5 goblins
  9 hobgoblins
  8 frilled lizards
  A kobold (D:1)
  4 rats
51 creatures vanquished.

Notes
Turn   | Place    | Note
-------+----------+-------------------------------------------
     0 | D:1      | Fang the Gargoyle Berserker began the quest for the Orb.
     0 | D:1      | Reached XP level 1. HP: 14/14 MP: 1/1
    54 | D:1      | Reached XP level 2. HP: 13/19 MP: 2/2
   573 | D:1      | Reached XP level 3. HP: 24/24 MP: 3/3
   796 | D:1      | Reached ** piety under Trog
  1303 | D:2      | Reached XP level 4. HP: 21/29 MP: 4/4
  1652 | D:2      | Reached XP level 5. HP: 32/33 MP: 5/5
  1717 | D:2      | Noticed a phantom
  1744 | D:2      | HP: 1/33 [phantom (5)]
  1749 | D:2      | Slain by a phantom

Skill      XL: |  1  2  3  4  5 |
---------------+----------------+-----
Axes           | 3 4 |  4.0
Dodging        | 2 |  2.5
Fighting       | 4 |  4.1
Armour         | |  2.4
Stealth        | |  0.4

Action                   |  1- 3 |  4- 6 || total
-------------------------+-------+-------++-------
Melee: Hand axe          |   129 |    52 ||   181
Invok: Berserk           |       |     2 ||     2
  Eat: Chunk             |     1 |     2 ||     3
Armor: Animal skin       |    42 |    16 ||    58
Dodge: Dodged            |    79 |    36 ||   115
